 Dungeon Crawl Stone Soup version 0.25-a0-404-gc1b5a34292 (webtiles) character file.

Game seed: 5235972722911188923, levelgen mode: deterministic

41 Jerej03 the Skirmisher (level 3, -2/30 HPs)
             Began as a Demonspawn Chaos Knight on Jan 11, 2020.
             Was a Plaything of Xom.
             Slain by an adder (3 damage)
             ... on level 2 of the Dungeon.
             The game lasted 00:04:03 (1295 turns).

Jerej03 the Skirmisher (Demonspawn Chaos Knight)    Turns: 1295, Time: 00:04:04

Health: -2/30      AC:  9    Str: 12 (13) XL:     3   Next: 32%
Magic:  3/3        EV: 10    Int: 10 (13) God:    Xom [...*..]
Gold:   36         SH:  0    Dex: 16 (17) Spells: 2/2 levels left

rFire    . . .     SeeInvis .   a - +0 mace (chaos)
rCold    . . .     Gourm    .   (no shield)
rNeg     . . .     Faith    .   e - +1 chain mail
rPois    .         Spirit   .   (helmet restricted)
rElec    .         Reflect  .   (no cloak)
rCorr    .         Harm     .   (no gloves)
MR       .....                  (no boots)
Stlth    ..........             (no amulet)
HPRegen  0.10/turn              (no ring)
MPRegen  0.08/turn              (no ring)

@: agile, lethally poisoned (-2 -> -4)
A: horns 1, powered by pain 1
a: Renounce Religion


You were on level 2 of the Dungeon.
You worshipped Xom.
You were a favourite toy of Xom.
You were not hungry.

You visited 1 branch of the dungeon, and saw 2 of its levels.

You collected 36 gold pieces.

Inventory:

Hand Weapons
 a - a +0 mace of chaos (weapon)
 d - a +2 dagger of venom
Armour
 b - a +2 leather armour
 e - a +1 chain mail (worn)
Potions
 f - a potion of agility
Comestibles
 c - 4 rations


   Skills:
 + Level 3.7 Fighting
 + Level 3.1 Maces & Flails
 + Level 2.1 Armour
 + Level 1.0 Dodging


You had 2 spell levels left.
You didn't know any spells.
Your spell library was empty.

Dungeon Overview and Level Annotations

Branches:
Dungeon (2/15)

Altars:


Innate Abilities, Weirdness & Mutations

You have a pair of small horns on your head.
You sometimes gain a little power by taking damage.


Message History

You feel sick. The adder completely misses you. The adder bites you.
* * * LOW HITPOINT WARNING * * *
It was a potion of agility.
You feel agile all of a sudden. The adder bites you but does no damage.
You hit the adder. You burn the adder.
The adder is severely wounded.
The adder bites you but does no damage.
You closely miss the adder.
You headbutt the adder, but do no damage.
The adder is severely wounded.
* * * LOW HITPOINT WARNING * * *
You feel sick. The adder barely misses you. The adder closely misses you.
Your chain mail prevents you from hitting the adder.
The adder is severely wounded.
The adder bites you but does no damage. x2
You hit the adder.
The adder is almost dead.
The adder bites you.
You die...

#.# #.# #.#
# #.# #.#.#
#.#.#######
#...S......
#@# #.# #.#
#.# #.# #.#
#<# ###


You could see an adder.

Vanquished Creatures
  2 leopard geckos (D:1)
  3 giant cockroaches (D:1)
  A goblin (D:1)
  5 hobgoblins (D:1)
  8 jackals (D:1)
  5 kobolds (D:1)
  4 bats (D:1)
  3 frilled lizards (D:1)
  2 rats (D:1)
33 creatures vanquished.

Notes
Turn   | Place    | Note
-------+----------+-------------------------------------------
     0 | D:1      | Jerej03 the Demonspawn Chaos Knight began the quest for the
                  | Orb.
     0 | D:1      | Reached XP level 1. HP: 18/18 MP: 1/1
    37 | D:1      | XOM: divination: detect items
    59 | D:1      | Gained mutation: You have a pair of small horns on your
                  | head. [demonic ancestry]
    59 | D:1      | Reached XP level 2. HP: 20/24 MP: 2/2
   311 | D:1      | Reached skill level 1 in Dodging
   430 | D:1      | XOM: mild Fire miscast
   453 | D:1      | Gained mutation: You sometimes gain a little power by
                  | taking damage. [demonic ancestry]
   453 | D:1      | Reached XP level 3. HP: 28/29 MP: 3/3
  1290 | D:2      | HP: 1/30 [adder (4)]
  1295 | D:2      | Slain by an adder

Levels and vault maps discovered:
D:1:      lemuel_arrival_behind_the_door_small, layout_basic
D:2:      layout_basic, lemuel_crystal_altar, chequers_ecumenical_altar_simple

Skill      XL: |  1  2 |
---------------+-------+-----
Armour         | 2 |  2.1
Dodging        | 1 |  1.0
Maces & Flails | 3 |  3.1
Fighting       | |  3.7

Action                   || total
-------------------------++-------
Melee: Mace              ||   102
       Headbutt          ||     8
  Use: Scroll            ||     5
       Potion            ||     2
 Stab: Confused          ||     1
  Eat: Ration            ||     1
Armor: Leather armour    ||     2
       Chain mail        ||    62
Dodge: Dodged            ||    39

Table legend:
 A = Non-vault XP
 B = Vault XP
 C = Vault XP percentage of total XP
 D = Non-vault monster count
 E = Vault monster count
 F = Vault count percentage of total count
                 A         B        C        D         E       F
            +---------+---------+-------+---------+---------+-------
      Total |      59 |       0 |   0.0 |      33 |       0 |   0.0
            +---------+---------+-------+---------+---------+-------
        D:1 |      59 |       0 |   0.0 |      33 |       0 |   0.0
            +---------+---------+-------+---------+---------+-------
